 Seeded DCSS version 0.30.1 (webtiles) character file.

Game seed: 784279740803775113 (custom seed)

2137 McKennaii the Destroyer (level 8, -3/57 HPs)
             Began as a Demigod Conjurer on July 11, 2023.
             Slain by a wyvern (17 damage)
             ... on level 7 of the Dungeon.
             The game lasted 00:05:42 (8084 turns).

McKennaii the Destroyer (Demigod Conjurer)          Turns: 8084, Time: 00:05:42

Health: -3/57      AC:  6    Str:  8    XL:     8   Next: 83%
Magic:  1/22       EV: 12    Int: 28    God:
Gold:   91         SH:  0    Dex: 12    Spells: 11/21 levels left

rFire   . . .        E - +0 demon blade
rCold   . . .        (no shield)
rNeg    . . .        a - +0 robe
rPois   .            y - +1 helmet {SInv}
rElec   .            g - +0 cloak
rCorr   .            (no gloves)
SInv    +            c - +0 pair of boots
Will    .....        A - amulet of regeneration
Stlth   ++           k - ring of flight
HPRegen 1.09/turn    F - ring of wizardry
MPRegen 0.18/turn

%: wizardry (x1)
@: flying
A: high MP 1, forlorn, divine attributes
a: no special abilities


You were on level 7 of the Dungeon.
You visited 1 branch of the dungeon, and saw 7 of its levels.
You also visited: Sewer.

You collected 256 gold pieces.
You spent 165 gold pieces at shops.

Inventory:

Hand Weapons
 E - a +0 demon blade (weapon)
Missiles
 B - 2 throwing nets
Armour
 a - a +0 robe (worn)
 c - a +0 pair of boots (worn)
 g - a +0 cloak (worn)
 y - a +1 helmet of see invisible (worn)
Jewellery
 k - a ring of flight (left hand)
 A - an amulet of regeneration (around neck)
 F - a ring of wizardry (right hand)
Wands
 x - a wand of roots (8)
 D - a wand of polymorph (4)
Scrolls
 d - 3 scrolls of poison {unknown}
 e - a scroll of immolation {unknown}
 h - 2 scrolls of enchant armour {unknown}
 m - 4 scrolls of blinking {unknown}
 n - 12 scrolls of identify {unknown}
 o - a scroll of torment {unknown}
 p - a scroll of noise {unknown}
 q - 3 scrolls of amnesia {unknown}
 r - a scroll of silence {unknown}
 s - 7 scrolls of teleportation {unknown}
 t - a scroll of magic mapping {unknown}
 v - 2 scrolls of acquirement {unknown}
Potions
 b - a potion of magic
 f - 3 potions of haste {unknown}
 i - 2 potions of brilliance {unknown}
 j - 2 potions of ambrosia {unknown}
 l - 2 potions of degeneration {unknown}
 u - 2 potions of attraction {unknown}
 w - a potion of heal wounds
 z - 2 potions of mutation {unknown}
 C - a potion of flight


   Skills:
 - Level 1.7 Dodging
 - Level 1.7 Stealth
 + Level 7.3 Spellcasting
 + Level 8.6 Conjurations


You had 11 spell levels left.
You knew the following spells:

 Your Spells              Type           Power      Damage    Failure   Level
a - Magic Dart            Conj           100%       1d8       1%          1
b - Searing Ray           Conj           100%       2d8       1%          2
c - Iskenderun's Mystic   Conj/Tloc      34%        2d8       3%          4
d - Stone Arrow           Conj/Erth      68%        3d11      1%          3

Your spell library contained the following spells:

 Spells                   Type           Power      Damage    Failure   Level
 Dazzling Flash           Conj/Hex       68%        N/A       1%          3
 Sandblast                Erth           20%        2d7       2%          1
 Passwall                 Tmut/Erth      8%         N/A       3%          2
 Fulminant Prism          Conj/Hex       17%        3d10      3%          4


Dungeon Overview and Level Annotations

Branches:
Dungeon (7/15)             Temple (0/1) D:5           Sewer (visited)

Shops:
D:2 [

Annotations:
D:6 3 runed translucent doors, ymhsbmbesitwf's ghost, novice MiBe


Innate Abilities, Weirdness & Mutations

You have an increased reservoir of magic. (+10% MP)
You shall have no god before yourself.
Your divine heritage dramatically boosts your attributes as you level up.


Message History

You barely miss the wyvern.
The wyvern is moderately wounded.
The wyvern misses you. The wyvern closely misses you.
The wyvern attacks as you move away! The wyvern completely misses you.
The wyvern barely misses you. The wyvern bites you!
The wyvern attacks as you move away! The wyvern barely misses you.
The wyvern closely misses you. The wyvern bites you.
The wyvern attacks as you move away! The wyvern misses you.
There is an open door here.
The wyvern barely misses you.
Casting: Stone Arrow (safe; 1% risk of failure)
Confirm with . or Enter, or press ? or * to list all spells.
You erupt in a blast of force!
The mystic blast hits the wyvern.
The wyvern is moderately wounded.
The wyvern is knocked back by the mystic blast.
Unknown command.
Unknown command.
You hit the wyvern.
The wyvern is heavily wounded.
The wyvern bites you. The wyvern bites you!
You hit the wyvern.
The wyvern is severely wounded.
The wyvern bites you!
You barely miss the wyvern.
The wyvern is severely wounded.
The wyvern closely misses you. The wyvern bites you!
You barely miss the wyvern.
The wyvern is severely wounded.
The wyvern bites you but does no damage.
The wyvern barely misses you.
You hit the wyvern but do no damage.
The wyvern is severely wounded.
The wyvern bites you but does no damage.
The wyvern bites you!
* * * LOW HITPOINT WARNING * * *
Unknown command.
The wyvern attacks as you move away! The wyvern bites you!
You die...

##.....##.. #..........
#......##. #......#
#......+ ##.....# #+
##+##.....# ...##
###...###l###
.8...###...8....@.[#
.............#.....##.
#.†..<....###.........
###..)..###............
##.8.##..............
#.....###............
....>... ###..........
.......... #.....#####
.8...###...8 ......#


You could see a wyvern.

Vanquished Creatures
  A water moccasin (D:4)
  A sky beast (D:7)
  A black bear (D:6)
  2 ice beasts
  4 ogres
  3 phantoms
  A kobold brigand (Sewer)
  A gnoll sergeant (D:6)
  4 scorpions
  A howler monkey (D:6)
  2 orc priests
  Ijyb (D:3)
  3 iguanas
  7 orc wizards
  Robin (D:3)
  13 adders
  10 gnolls
  A river rat (Sewer)
  An ufetubus (D:4)
  3 worms
  A dart slug (D:1)
  10 orcs
  12 endoplasms
  5 giant cockroaches
  19 goblins
  9 hobgoblins
  7 jackals
  8 quokkas
  11 ball pythons
  3 bats
  3 frilled lizards
  13 kobolds
  6 rats
168 creatures vanquished.

Vanquished Creatures (others)
  An orc (D:4)
1 creature vanquished.

Grand Total: 169 creatures vanquished

Notes
Turn   | Place    | Note
-------+----------+-------------------------------------------
     0 | D:1      | McKennaii the Demigod Conjurer began the quest for the Orb.
     0 | D:1      | Reached XP level 1. HP: 14/14 MP: 5/5
   219 | D:1      | Reached XP level 2. HP: 20/20 MP: 2/7
   222 | D:1      | Learned a level 2 spell: Searing Ray
   494 | D:1      | Reached skill level 4 in Conjurations
  1066 | D:2      | Reached XP level 3. HP: 26/26 MP: 4/9
  1364 | D:2      | Found Pokeelur's Armour Boutique.
  1555 | D:2      | Reached XP level 4. HP: 32/33 MP: 5/11
  2260 | D:3      | Noticed Ijyb
  2272 | D:3      | HP: 1/33 [constriction (3)]
  2277 | D:3      | Killed Ijyb
  2336 | D:3      | Found a glowing drain.
  2348 | Sewer    | Entered a sewer
  2438 | Sewer    | Reached XP level 5. HP: 33/38 MP: 6/13
  2443 | Sewer    | Learned a level 4 spell: Iskenderun's Mystic Blast
  2547 | Sewer    | Learned a level 3 spell: Stone Arrow
  2652 | Sewer    | Reached skill level 5 in Conjurations
  3090 | D:3      | Noticed Robin
  3092 | D:3      | Killed Robin
  3709 | D:2      | Bought a +1 helmet of see invisible for 165 gold pieces
  3892 | D:4      | Reached XP level 6. HP: 40/45 MP: 5/15
  4604 | D:4      | Reached skill level 6 in Conjurations
  4759 | D:4      | Reached XP level 7. HP: 45/50 MP: 7/17
  4852 | D:4      | Reached skill level 5 in Spellcasting
  4871 | D:4      | HP: 2/50 [orc/+0 mace (3)]
  5458 | D:5      | Entered Level 5 of the Dungeon
  5887 | D:5      | Reached skill level 7 in Conjurations
  5978 | D:5      | Found a staircase to the Ecumenical Temple.
  6398 | D:5      | Reached XP level 8. HP: 57/57 MP: 6/20
  7162 | D:6      | Reached skill level 8 in Conjurations
  7771 | D:6      | Found a runed translucent gate.
  7771 | D:6      | Found a runed translucent gate.
  7771 | D:6      | Found a runed translucent gate.
  7773 | D:6      | Noticed ymhsbmbesitwf's ghost (novice MiBe)
  8084 | D:7      | Slain by a wyvern

Illustrated notes

Levels and vault maps discovered:
D:1:      psy_arrival_conway, layout_basic, hangedman_decor_points, st_stairs_6
D:2:      layout_basic, basic_altar, serial_shops, shop
D:3:      layout_basic, nicolae_vehumet_radiance, cheibrodos_sewer_entry_drain,
          uniq_robin, uniq_ijyb
D:4:      nicolae_BIG_FREAKIN_CUBE, layout_basic, trog_antimagical,
          serial_aquarium, aquarium_bridge_long_joined
          [aquarium_subvault_bridge, aquarium_subvault_window,
          aquarium_subvault_window, aquarium_subvault_bridge,
          aquarium_subvault_bridge, aquarium_subvault_wall], aquarium_window_1,
          aquarium_window_1, aquarium_view_2b, aquarium_pool_1
D:5:      layout_basic, mainiacjoe_overflow_alcove_4,
          gammafunk_temple_overflow_elements, minmay_temple_entry_slanted
D:6:      layout_cave_pools, grunt_temple_overflow_growth_and_decay,
          ebering_ghost_rock_garden, kennysheep_boxes
D:7:      layout_gridville, grunt_ministairs_13

Skill      XL: |  1  2  3  4  5  6  7  8 |
---------------+-------------------------+-----
Spellcasting   | 2 3 4 6 7 |  7.3
Conjurations   | 4 5 6 7 8 |  8.6
Dodging        | |  1.7
Stealth        | |  1.7

Action                     |  1- 3 |  4- 6 |  7- 9 || total
---------------------------+-------+-------+-------++-------
  Melee: Unarmed           |    14 |       |       ||    14
         Dagger            |     7 |    51 |    21 ||    79
         Punch             |       |       |     1 ||     1
         Demon blade       |       |       |    20 ||    20
   Cast: Magic Dart        |    84 |    69 |       ||   153
         Searing Ray       |     1 |    14 |     4 ||    19
         Stone Arrow       |       |    27 |    83 ||   110
         Iskenderun's Myst |       |       |     4 ||     4
    Use: Potion            |       |     4 |     1 ||     5
 Armour: Robe              |    14 |    11 |    30 ||    55
         Skin              |       |    12 |       ||    12
  Dodge: Dodged            |    26 |    35 |    81 ||   142
